 Dungeon Crawl Stone Soup version 0.17-a0-1655-g88a8506 (webtiles) character file.

497 MikeDS the Skirmisher (level 6, -2/48 HPs)
             Began as a Demonspawn Monk on Aug 15, 2015.
             Slain by a phantom (9 damage)
             ... on level 4 of the Dungeon.
             The game lasted 00:33:31 (6617 turns).

MikeDS the Skirmisher (Demonspawn Monk)             Turns: 6617, Time: 00:33:31

Health: -2/48      AC:  2    Str: 11    XL:     6   Next: 93%
Magic:  6/6        EV: 14    Int: 14    God:
Gold:   98         SH:  0    Dex: 17    Spells: 0 memorised, 5 levels left

rFire  . . .     SeeInvis +     x - +2 dagger (venom)
rCold  . . .     Clarity  .     n - +0 robe
rNeg   . . .     SustAt   .     (no shield)
rPois  .         Gourm    .     (helmet unavailable)
rElec  .         Spirit   .     (no cloak)
rCorr  .         Warding  .     (no gloves)
rMut   .         Stasis   .     (no boots)
MR     .....                    (no amulet)
Stlth  +++.......               (no ring)
                                s - +2 ring of intelligence

@: not resistant to hostile enchantments, fairly stealthy
A: antennae 3
a: no special abilities


You were on level 4 of the Dungeon.
You were not hungry.

You visited 1 branch of the dungeon, and saw 5 of its levels.

You collected 98 gold pieces.

Inventory:

Hand weapons
 a - a +0 short sword of speed
 e - a +0 hunting sling
 h - a +0 whip of electrocution
 k - a +3 dagger
 t - a +0 spear of venom
 x - a +2 dagger of venom (weapon)
Missiles
 d - 43 arrows
 f - 36 sling bullets
 i - 14 stones (quivered)
 o - 16 bolts of penetration
Armour
 n - a +0 robe (worn)
Jewellery
 s - a +2 ring of intelligence (left hand)
Magical devices
 q - a wand of digging (1)
 y - a wand of magic darts (19)
Scrolls
 g - 2 scrolls of remove curse
 j - 3 scrolls of teleportation {unknown}
 l - 2 scrolls of fear {unknown}
 m - a scroll of amnesia
 p - a scroll of enchant armour {unknown}
Potions
 b - a potion of resistance {unknown}
 c - a potion of invisibility {unknown}
 u - a potion of mutation {unknown}
Books
 r - a book of Alchemy

   Spells                             Type                      Level
   a - Sublimation of Blood           Necromancy                   2
   b - Ignite Poison                  Fire/Transmutation/Poison    3
   c - Alistair's Intoxication        Transmutation/Poison         4
   d - Condensation Shield            Ice                          4
   e - Petrify                        Transmutation/Earth          4
   f - Irradiate                      Conjuration/Transmutation    5
Comestibles
 w - 2 bread rations


   Skills:
 + Level 4.3 Fighting
 + Level 2.6 Short Blades
 + Level 1.6 Throwing
 + Level 3.9 Dodging
 + Level 3.6 Stealth
 - Level 4.2 Unarmed Combat


You had 5 spell levels left.
You didn't know any spells.

Dungeon Overview and Level Annotations

Branches:
Dungeon (5/15)
 Temple: D:4-7

Altars:
Ashenzari
Gozag
Okawaru
Ru
Trog

Annotations:
D:5 Eustachio


Innate Abilities, Weirdness & Mutations

You have a pair of large antennae on your head (SInv).


Message History

The phantom blinks!
i - 14 stones (gained 3)
Things that are here:
a stone; an iguana corpse You are too injured to fight recklessly!
The phantom blinks!
You miss the phantom.
The phantom is severely damaged.
The phantom closely misses you.
You hit the phantom.
The phantom is severely damaged.
The phantom misses you.
You hit the phantom but do no damage.
The phantom is severely damaged.
The phantom hits you!
* * * LOW HITPOINT WARNING * * *
You hit the phantom.
The phantom is severely damaged.
The phantom hits you!
You die...

#.#.# ##.#.##
......#########
##............#
###..#######.#
## #..#
#.###.######
#..#
#.##........
####..#
#.#.....###
......#
#.(.@.....#
#####.#
###..W..#.#
####.# ##..(##
#....#######
##(##
#.##........
(.> # #.#######
.### #.# .#
#.###########.#
#..........<..#


You could see a phantom.

Vanquished Creatures
  An ogre (D:4)
  A scorpion (D:3)
  A crimson imp (D:4)
  Crazy Yiuf (D:3)
  3 orc wizards
  An iguana (D:4)
  A gnoll (D:1)
  5 adders
  4 river rats (D:2)
  2 oozes
  An adder skeleton (D:5)
  2 worms (D:3)
  9 giant geckos
  5 orcs
  4 giant cockroaches
  4 hobgoblins
  2 quokkas
  3 ball pythons
  13 bats
  A giant gecko skeleton (D:4)
  4 giant newts
  10 goblins
  3 jackals (D:1)
  11 kobolds
  3 rats
95 creatures vanquished.

Vanquished Creatures (others)
  A plant (D:2)
1 creature vanquished.

Grand Total: 96 creatures vanquished

Notes
Turn   | Place    | Note
--------------------------------------------------------------
     0 | D:1      | MikeDS the Demonspawn Monk began the quest for the Orb.
     0 | D:1      | Reached XP level 1. HP: 18/18 MP: 1/1
   273 | D:1      | Gained mutation: You have a pair of small antennae on your head. [demonic ancestry]
   273 | D:1      | Reached XP level 2. HP: 17/24 MP: 2/2
   845 | D:1      | Reached XP level 3. HP: 20/29 MP: 3/3
  1554 | D:2      | Reached skill level 4 in Unarmed Combat
  1843 | D:2      | Reached XP level 4. HP: 8/35 MP: 4/4
  2104 | D:2      | Found an opulent altar of Gozag.
  2237 | D:2      | Reached skill level 1 in Short Blades
  2518 | D:2      | Found a sacrificial altar of Ru.
  2548 | D:2      | Found an iron altar of Okawaru.
  3019 | D:2      | Found an opulent altar of Gozag.
  3404 | D:3      | Found a shattered altar of Ashenzari.
  3702 | D:3      | Gained mutation: You have a pair of antennae on your head. [demonic ancestry]
  3702 | D:3      | Reached XP level 5. HP: 41/41 MP: 5/5
  3778 | D:3      | Found a bloodstained altar of Trog.
  4287 | D:3      | Found an opulent altar of Gozag.
  4425 | D:3      | Noticed a scorpion
  4443 | D:3      | Killed a scorpion
  5000 | D:3      | Noticed Crazy Yiuf
  5172 | D:3      | Killed Crazy Yiuf
  5172 | D:3      | Gained mutation: You have a pair of large antennae on your head (SInv). [demonic ancestry]
  5172 | D:3      | Reached XP level 6. HP: 16/48 MP: 6/6
  5544 | D:4      | Noticed a phantom
  5623 | D:4      | Noticed an ogre
  5710 | D:4      | Reached skill level 1 in Throwing
  5843 | D:5      | Entered Level 5 of the Dungeon
  5915 | D:5      | Noticed Eustachio
  6392 | D:4      | Killed an ogre
  6617 | D:4      | Slain by a phantom

Vault maps used:
D:1:      dpeg_arrival_connections, serial_forest, infiniplex_forest_straight_3,
          infiniplex_forest_clump_long, infiniplex_forest_lined_2,
          infiniplex_forest_lined_corner, infiniplex_forest_end_3,
          infiniplex_forest_clump_C, infiniplex_forest_end_2, st_stairs_12
D:2:      wad_woods_stonehenge, nicolae_overflow_hidden_temple,
          lemuel_crystal_altar, okawaru_ov_weapons_minmay,
          mrwooster_statue_mirror, nicolae_gozag_cash_rules_everything_around_me
D:3:      old_standard_altar, lemuel_doored_altar,
          nicolae_overflow_crystal_walls, uniq_crazy_yiuf_cottage
D:4:      minmay_temple_entry_junction
D:5:      lemuel_round_altar, first_bread, minmay_divided_ellipse,
          uniq_eustachio, uniq_duvessa

Action                   |  1- 3 |  4- 6 || total
-------------------------+-------+-------++-------
Melee: Short sword       |   132 |   195 ||   327
       Unarmed           |     7 |     2 ||     9
       Dagger            |       |   166 ||   166
       Whip              |       |     2 ||     2
Throw: Stone             |       |    21 ||    21
  Use: Scroll            |       |     7 ||     7
       Potion            |       |     3 ||     3
 Stab: Sleeping          |     5 |     6 ||    11
       Distracted        |       |     2 ||     2
  Eat: Bread ration      |     1 |     1 ||     2
       Chunk             |     1 |     3 ||     4
       Meat ration       |       |     1 ||     1
